AoeStats
← 今天是魔王

Mountain Pass

519607222Analyzed
4v4 RM · 9h ago on Nov 8, 2026· 57m 20s· 8 players
Game mode
Random Map
Map size
Large (8 player)
Population
200
Speed
Normal
Resources
Standard
Victory
Conquest
Starting age
Dark Age
Ending age
Imperial Age
RankedLock teamsTeams togetherTeam positionsShared explorationLock speedFull tech treeHidden civsTurbo modeCheats
Victory
Defeat
🇺🇸 Lithuanians · United States
563
+16
🇭🇰 Varangians · Hong Kong SAR China
516
+18
🇺🇸 Mongols · United States
514
+18
🇵🇪 Teutons · Peru
434
+19
vs
🇨🇿 Maya · Czechia
607
-20
🇨🇳 Mongols · China
595
-19
🇦🇺 Inca · Australia
552
-18
🇨🇳 Portuguese · China
431
-14
godnah
5:18 Loom
13:43 Feudal Age
15:31 Wheelbarrow
15:11 Town Watch
15:16 Double-Bit Axe
16:13 Stone Mining
16:17 Gold Mining
16:24 Horse Collar
25:25 Castle Age
23:57 Arson
25:41 Bloodlines
25:45 Scale Barding Armor
26:07 Forging
27:28 Heavy Plow
28:31 Bow Saw
29:28 Caravan
32:49 Fervor
32:47 Murder Holes
33:13 Ballistics
33:23 Husbandry
32:44 Light Cavalry
34:11 Scale Mail Armor
33:32 Man-at-Arms
35:17 Herbal Medicine
36:16 Iron Casting
36:39 Chain Mail Armor
37:22 Hand Cart
37:41 Town Patrol
38:04 Fortified Wall
38:05 Masonry
39:29 Coinage
42:23 Imperial Age
41:42 Nomads
42:54 Atonement
44:05 Chemistry
42:46 Cavalier
43:04 Heavy Camel Rider
43:04 Elite Steppe Lancer
43:05 Hussar
44:10 Chain Barding Armor
44:51 Blast Furnace
44:13 Conscription
45:30 Banking
45:47 Siege Engineers
46:29 Hoardings
46:03 Long Swordsman
46:44 Squires
49:00 Gold Shaft Mining
49:09 Stone Shaft Mining
52:23 Plate Mail Armor
51:44 Fletching
51:54 Padded Archer Armor
51:15 Two-Handed Swordsman
51:15 Pikeman
Slaya
4:46 Loom
18:05 Feudal Age
19:14 Double-Bit Axe
19:13 Horse Collar
28:35 Castle Age
28:12 Stone Mining
28:14 Gold Mining
32:54 Heavy Plow
33:15 Bow Saw
38:08 Wheelbarrow
37:19 Town Watch
40:19 Imperial Age
39:46 Hand Cart
39:32 Town Patrol
41:27 Scale Barding Armor
41:22 Scale Mail Armor
41:33 Forging
41:13 Fletching
41:24 Padded Archer Armor
42:56 Two-Man Saw
42:29 Crop Rotation
42:37 Coinage
42:07 Caravan
41:37 Cavalier
44:32 Stone Shaft Mining
44:08 Paladin
45:00 Bloodlines
47:13 Banking
46:54 Guilds
47:38 Chain Barding Armor
47:34 Chain Mail Armor
47:54 Iron Casting
47:14 Bodkin Arrow
51:49 Plate Barding Armor
51:30 Leather Archer Armor
51:46 Plate Mail Armor
52:02 Fervor
52:23 Illumination
54:16 Ring Archer Armor
54:47 Blast Furnace
55:12 Siphons
56:09 Chemistry
54:55 Arrowslits
55:22 Fortified Wall
55:23 Masonry
54:46 Onager
今天是魔王
6:58 Loom
17:39 Feudal Age
19:41 Wheelbarrow
18:54 Town Watch
20:09 Double-Bit Axe
20:30 Gold Mining
21:07 Horse Collar
25:30 Stone Mining
30:53 Castle Age
31:29 Fletching
38:44 Heavy Plow
38:58 Bow Saw
38:50 Bodkin Arrow
39:07 Forging
38:58 Scale Mail Armor
39:02 Caravan
40:00 Stone Shaft Mining
39:54 Squires
39:40 Arson
41:56 Chain Mail Armor
42:18 Iron Casting
44:33 Town Patrol
44:49 Hand Cart
44:44 Treadmill Crane
45:25 Ballistics
45:01 Murder Holes
45:18 Masonry
45:22 Fortified Wall
45:02 Guard Tower
49:21 Imperial Age
51:38 Architecture
51:14 Siege Engineers
50:34 Elite Varangian Guard
52:37 Conscription
54:04 Chemistry
54:34 Two-Man Saw
54:08 Crop Rotation
53:45 Bracer
54:46 Blast Furnace
54:17 Plate Mail Armor
Fake Name
17:21 Feudal Age
15:37 Loom
15:44 Loom
20:36 Town Watch
23:08 Castle Age
23:32 Horse Collar
24:15 Double-Bit Axe
26:21 Heavy Plow
26:05 Light Cavalry
26:55 Bloodlines
28:24 Scale Barding Armor
30:20 Wheelbarrow
31:32 Fervor
33:32 Bloodlines
33:44 Chain Barding Armor
36:27 Forging
37:39 Husbandry
39:56 Iron Casting
42:06 Imperial Age
39:46 Fletching
39:56 Padded Archer Armor
43:18 Conscription
42:54 Elite Skirmisher
43:40 Hill Forts
44:41 Bodkin Arrow
45:55 Hand Cart
47:25 Crop Rotation
49:17 Tower Shields
49:35 Stone Mining
49:35 Gold Mining
49:35 Stone Mining
51:14 Thumb Ring
53:15 Bow Saw
54:36 Bracer
55:15 Winged Hussar
55:16 Cavalier
55:59 Padded Archer Armor
56:20 Elite Leitis
刺猬
5:28 Loom
6:39 Loom
13:57 Feudal Age
14:31 Double-Bit Axe
15:20 Horse Collar
20:34 Stone Mining
20:37 Gold Mining
23:50 Wheelbarrow
27:25 Castle Age
28:35 Bow Saw
29:13 Stone Shaft Mining
29:16 Gold Shaft Mining
28:51 Heavy Plow
30:09 Fervor
34:33 Nomads
35:39 Ballistics
35:52 Arson
36:35 Hand Cart
39:14 Murder Holes
39:58 Fletching
40:09 Padded Archer Armor
40:20 Forging
40:10 Scale Mail Armor
40:16 Scale Barding Armor
42:42 Leather Archer Armor
42:25 Bodkin Arrow
46:05 Leather Archer Armor
46:26 Iron Casting
46:06 Chain Mail Armor
46:40 Masonry
50:25 Chain Barding Armor
54:26 Imperial Age
54:35 Elite Mangudai
55:52 Hoardings
55:38 Drill
55:39 Conscription
56:53 Chemistry
55:19 Capped Ram
56:02 Husbandry
StereoHOSEJN
mitchmersa
7:22 Loom
20:55 Feudal Age
21:23 Horse Collar
21:36 Double-Bit Axe
22:35 Wheelbarrow
29:36 Castle Age
29:31 Fletching
36:45 Hand Cart
36:37 Heavy Plow
36:53 Bow Saw
36:52 Scale Mail Armor
39:08 Bodkin Arrow
43:19 Imperial Age
45:44 Sappers
46:35 Forging
46:27 Bracer
46:54 Chain Mail Armor
48:37 Iron Casting
52:20 Crop Rotation
51:46 Town Watch
53:10 Blast Furnace
52:46 Plate Mail Armor
乔巴
8:55 Loom
25:07 Feudal Age
26:28 Wheelbarrow
33:22 Castle Age
35:14 Double-Bit Axe
Connection lost

Rejoining the realm…

Still unreachable

The connection could not be restored.

Session expired

The server has moved on; the page needs a fresh start.